 Dungeon Crawl Stone Soup version 0.30-a0-779-g7971cf19c3 (webtiles) character file.

Game seed: 5612221451959032475

12700 oldmanjim the Cleaver (level 11, -4/102 HPs)
             Began as a Minotaur Fighter on Feb 11, 2023.
             Was an Elder of the Shining One.
             Slain by a minotaur
             ... wielding the +10 hand axe of the Everdark {holy, Int+7}
              (30 damage)
             ... in a Gauntlet on Feb 17, 2023.
             The game lasted 01:02:42 (12686 turns).

oldmanjim the Cleaver (Minotaur Fighter)           Turns: 12686, Time: 01:02:43

Health: -4/102     AC: 17    Str: 28    XL:     11   Next: 65%
Magic:  11/14      EV:  9    Int:  5    God:    the Shining One [****..]
Gold:   1015       SH:  8    Dex:  9    Spells: 10/10 levels left

rFire   . . .      SeeInvis .    a - +4 battleaxe (freeze)
rCold   + . .      Faith    .    (shield currently unavailable)
rNeg    + + +      Spirit   .    J - +2 chain mail {rN+}
rPois   .          Reflect  .    (helmet restricted)
rElec   .          Harm     .    j - scarf {shadows}
rCorr   .          Rampage  .    K - +2 pair of gloves
Will    .....      NoTele   +    (no boots) Stlth
                                 (no amulet)
HPRegen 0.37/turn                D - ring of protection from fire
MPRegen 0.14/turn                T - ring of Quacett {Ice +Blink rN+ Str+2}

@: divinely shielded, glowing
A: horns 2, retaliatory headbutt
a: Renounce Religion, Evoke Blink, Divine Shield, Cleansing Flame


You were in a Gauntlet.
You worshipped the Shining One.
The Shining One was greatly pleased with you.
You visited 2 branches of the dungeon, and saw 12 of its levels.
You also visited: Bailey and Gauntlet.

You collected 1015 gold pieces.

Inventory:

Hand Weapons
 a - a +4 battleaxe of freezing (weapon)
 b - a +2 sling of flaming
 q - the +5 hand axe "Zeheugg" {flame, rPois Will+ rCorr Int+5}
   (You found it on level 2 of the Dungeon)

   Int:       It affects your intelligence (+5).
   rPois:     It protects you from poison.
   rCorr:     It protects you from acid and corrosion.
   Will:      It increases your willpower.
 N - a +2 antimagic demon trident
Missiles
 e - 2 curare-tipped darts
 p - 104 stones (quivered)
 t - 4 throwing nets
 u - 5 atropa-tipped darts
 w - 24 poisoned darts
 G - 11 boomerangs
 H - 2 boomerangs of dispersal
Armour
 c - a +0 buckler
 j - a scarf of shadows (worn)
 A - a +0 plate armour
 J - a +2 chain mail of positive energy (worn)
 K - a +2 pair of gloves (worn)
 P - a +0 cloak
Jewellery
 r - an amulet of faith
 v - a +6 ring of strength
 C - an amulet of magic regeneration
 D - a ring of protection from fire (left hand)
 F - a ring of see invisible
 M - a ring of positive energy
 S - a ring of flight
 T - the ring of Quacett (right hand) {Ice +Blink rN+ Str+2}
   (You found it in a Gauntlet)

   [ring of ice]

   It enhances your ice magic.
   Str:       It affects your strength (+2).
   rF:        It makes you vulnerable to fire.
   rC:        It protects you from cold.
   rN:        It protects you from negative energy.
   +Blink:    It lets you blink.
 V - the amulet of the Distant Future {RegenMP rC- Dex+6}
   (You found it in a Gauntlet)

   [amulet of magic regeneration]

   It increases your rate of magic regeneration.
   Dex:       It affects your dexterity (+6).
   rC:        It makes you vulnerable to cold.
Wands
 s - a wand of iceblast (29)
 L - a wand of flame (11)
Scrolls
 f - 2 scrolls of magic mapping
 g - 6 scrolls of teleportation
 k - a scroll of butterflies
 n - a scroll of enchant armour
 o - 2 scrolls of amnesia
 x - 3 scrolls of blinking
 y - a scroll of fear
 B - a scroll of immolation
 Q - 2 scrolls of fog
 U - a scroll of vulnerability
 W - a scroll of enchant weapon
Potions
 d - a potion of might
 h - a potion of mutation
 i - 7 potions of curing
 l - a potion of lignification {unknown}
 m - 6 potions of heal wounds
 z - a potion of berserk rage
 E - 2 potions of haste
 I - 2 potions of flight
 O - a potion of ambrosia {unknown}
 R - a potion of brilliance


   Skills:
 + Level 11.0 Fighting
 + Level 14.7 Axes
 - Level 10.0 Armour
 - Level 5.0 Shields
 + Level 6.5 Invocations
 + Level 3.4 Evocations


You had 10 spell levels left.
You didn't know any spells.
Your spell library contained the following spells:

 Spells                   Type           Power      Damage    Failure   Level
 Apportation              Tloc           0%         N/A       92%         1
 Magic Dart               Conj           0%         1d3       92%         1
 Call Imp                 Summ           0%         N/A       98%         2
 Ensorcelled Hibernation  Hex/Ice        0%         N/A       98%         2
 Passwall                 Tmut/Erth      0%         N/A       98%         2
 Static Discharge         Conj/Air       0%         2-2/arc   98%         2
 Call Canine Familiar     Summ           0%         N/A       100%        3
 Mephitic Cloud           Conj/Pois/Air  0%         N/A       100%        3
 Portal Projectile        Hex/Tloc       0%         N/A       100%        3
 Swiftness                Air            0%         N/A       100%        3
 Vhi's Electric Charge    Tloc/Air       0%         N/A       100%        3
 Leda's Liquefaction      Hex/Erth       0%         N/A       100%        4
 Alistair's Intoxication  Tmut/Pois      0%         N/A       100%        5
 Arcjolt                  Conj/Air       0%         1d10      100%        5
 Lightning Bolt           Conj/Air       0%         1d11      100%        5


Dungeon Overview and Level Annotations

Branches:
Dungeon (11/15)            Temple (1/1) D:6            Lair (0/5) D:11
    Orc (0/2) D:11         Bailey (visited)         Gauntlet (1/1)

Altars:
Ashenzari
Cheibriados
Dithmenos
Elyvilon
Gozag
Hepliaklqana
Kikubaaqudgha
Makhleb
Nemelex Xobeh
Qazlal
Ru
Sif Muna
Trog
Uskayaw
Vehumet
Wu Jian
Xom
Yredelemnul
Zin
The Shining One

Shops:
D:2 :

Annotations:
Gauntlet 12 transporters, exclusion: lightning spire


Innate Abilities, Weirdness & Mutations

You have a pair of horns on your head.
You reflexively headbutt those who attack you in melee.


Message History

You have turned to stone.
You turn to flesh and can move again.
There is a transporter here.
You now have 982 gold pieces (gained 43).
You feel yourself speed up.
There is a transporter here.
V - the amulet of the Distant Future {RegenMP rC- Dex+6} You now have 1015 gold pieces (gained 33).
There is a transporter here.
You enter the transporter and appear at another place.
Okay, then.
There is a transporter landing site here.
There is a transporter landing site here.
You open the door.
A minotaur comes into view.
It is wielding the +10 hand axe of the Everdark {holy, Int+7} and quivering silver javelins.
The minotaur bellows!
Found a box of beasts.
Found a gate leading back out of this place.
There is an open door here.
Unknown command.
Unknown command.
Unknown command.
Unknown command.
You slash the minotaur! You freeze the minotaur.
The minotaur is lightly wounded.
The minotaur drinks a potion.
The minotaur goes berserk!
You slash the minotaur! You freeze the minotaur.
The minotaur is moderately wounded.
The minotaur hits you with the +10 hand axe of the Everdark {holy, Int+7}!
The minotaur gores you but does no damage.
You slice the minotaur!! You freeze the minotaur.
The minotaur is heavily wounded.
The minotaur hits you with the +10 hand axe of the Everdark {holy, Int+7}!!!
The minotaur gores you!
The minotaur hits you with the +10 hand axe of the Everdark {holy, Int+7}!
* * * LOW HITPOINT WARNING * * *
The minotaur gores you but does no damage.
A divine shield forms around you!
The minotaur hits you with the +10 hand axe of the Everdark {holy, Int+7}!!
You die...

###### #.##.### ###.....#
#∩##.##.# #.##.##.##
#.#......# #H#.##.###
.##.###@#.##.###
...............#
##.##.##.##.##.#
#.##.##.##.# ...........#
#.##.##.##.##
###.##.##.##.##.###
#≈...............§# ###
####8..©.©.©.©.©.©..8####
###


You could see a minotaur (berserk).

Vanquished Creatures
  Amaemon (D:9)
  An apocalypse crab (Gauntlet)
  A smoke demon (Gauntlet)
  An orange demon (D:9)
  A red devil (Gauntlet)
  A hornet (D:9)
  A troll (D:10)
  Prince Ribbit (D:8)
  Sigmund (D:6)
  3 centaur simulacra (Gauntlet)
  2 wraiths
  2 wyverns (D:8)
  Grum (Bailey)
  20 yaks
  Eustachio (D:4)
  3 steam dragons
  A water moccasin (D:5)
  2 ice beasts
  A sky beast (D:7)
  A meliai simulacrum (Gauntlet)
  An orc warrior (D:9)
  A black bear (D:5)
  4 wolves (Bailey)
  4 centaurs
  4 kobold brigands
  3 bullfrogs
  A necrophage (D:5)
  8 gnoll sergeants
  2 scorpions
  21 wights
  4 howler monkeys
  4 crimson imps (Gauntlet)
  A wyvern simulacrum (Gauntlet)
  A quasit (D:5)
  8 orc priests
  4 hounds
  8 gnoll boudas (Bailey)
  An iron imp (D:7)
  5 jellies
  Ijyb (D:5)
  3 iguanas
  15 orc wizards
  28 gnolls
  9 adders
  4 shadow imps
  6 white imps
  2 ufetubi
  2 worms
  A dart slug (D:1)
  33 orcs
  10 bats
  6 endoplasms
  4 giant cockroaches
  9 goblins
  5 hobgoblins
  21 kobolds
  4 quokkas
  10 ball pythons
  3 frilled lizards
  20 rats
327 creatures vanquished.

Vanquished Creatures (others)
  44 demonic plants
  24 fungi (D:11)
  23 plants
91 creatures vanquished.

Grand Total: 418 creatures vanquished

Notes
Turn   | Place    | Note
-------+----------+-------------------------------------------
     0 | D:1      | oldmanjim the Minotaur Fighter began the quest for the Orb.
     0 | D:1      | Reached XP level 1. HP: 19/19 MP: 0/0
    44 | D:1      | Reached XP level 2. HP: 23/27 MP: 1/1
   734 | D:2      | Found Henula's Book Emporium.
   741 | D:2      | Reached skill level 3 in Axes
   763 | D:2      | Reached XP level 3. HP: 33/33 MP: 2/2
   881 | D:2      | Reached XP level 4. HP: 28/41 MP: 3/3
  1013 | D:2      | Found a white marble altar of Elyvilon.
  1487 | D:2      | Identified the +5 hand axe "Zeheugg" {flame, rPois Will+
                  | rCorr Int+5}
  1629 | D:2      | Became a worshipper of Elyvilon the Healer
  1951 | D:3      | Reached * piety under Elyvilon
  1955 | D:3      | Reached XP level 5. HP: 47/47 MP: 4/4
  1964 | D:3      | Found a burning altar of Makhleb.
  2403 | D:3      | Reached skill level 4 in Axes
  2406 | D:3      | Reached skill level 5 in Fighting
  2406 | D:3      | Reached skill level 5 in Armour
  2406 | D:3      | Reached skill level 5 in Shields
  2686 | D:4      | Noticed Eustachio
  2696 | D:4      | Killed Eustachio
  2697 | D:4      | Reached skill level 1 in Invocations
  2697 | D:4      | Reached XP level 6. HP: 46/56 MP: 5/5
  2861 | D:4      | Reached ** piety under Elyvilon
  2935 | D:4      | You fall into a shaft and drop 1 floor!
  2935 | D:5      | Entered Level 5 of the Dungeon
  2950 | D:5      | Reached skill level 5 in Axes
  2950 | D:5      | Reached XP level 7. HP: 52/62 MP: 7/7
  2983 | D:5      | Upgraded the game from 0.30-a0-760-g5a9884bb7c to
                  | 0.30-a0-772-g5528072125
  3699 | D:5      | Reached skill level 6 in Axes
  3699 | D:5      | Reached XP level 8. HP: 71/71 MP: 9/9
  3745 | D:5      | Noticed Ijyb
  3758 | D:5      | Killed Ijyb
  3912 | D:5      | Reached *** piety under Elyvilon
  4393 | D:6      | Noticed Sigmund
  4401 | D:6      | Killed Sigmund
  4402 | D:6      | Reached skill level 7 in Axes
  4726 | D:6      | Reached **** piety under Elyvilon
  4736 | D:6      | Reached XP level 9. HP: 64/81 MP: 11/11
  4908 | D:6      | Reached skill level 5 in Invocations
  5364 | D:7      | Reached skill level 8 in Axes
  5728 | D:7      | Found a snail-covered altar of Cheibriados.
  6212 | D:7      | Reached skill level 9 in Axes
  6228 | D:7      | Found a sparkling altar of Nemelex Xobeh.
  6463 | D:6      | Found a staircase to the Ecumenical Temple.
  6471 | Temple   | Entered the Ecumenical Temple
  6538 | D:8      | Noticed Prince Ribbit
  6545 | D:8      | Killed Prince Ribbit
  6684 | D:8      | Reached XP level 10. HP: 51/93 MP: 12/12
  6697 | D:8      | Reached skill level 10 in Fighting
  6697 | D:8      | Reached skill level 10 in Armour
  6758 | D:8      | Reached ***** piety under Elyvilon
  6777 | D:8      | Found a flagged portal.
  6790 | Bailey   | Entered a bailey
  6801 | Bailey   | Reached skill level 10 in Axes
  7630 | Bailey   | Reached skill level 11 in Axes
  7729 | Bailey   | Noticed Grum
  7737 | Bailey   | Killed Grum
  8297 | D:8      | Reached skill level 12 in Axes
  8635 | D:7      | Upgraded the game from 0.30-a0-772-g5528072125 to
                  | 0.30-a0-779-g7971cf19c3
  8738 | D:8      | Reached skill level 13 in Axes
  8873 | D:8      | Found a bloodstained altar of Trog.
  9076 | D:9      | Paralysed by a hornet for 1 turns
  9080 | D:9      | Paralysed by a hornet for 3 turns
  9486 | D:9      | Found a glowing golden altar of the Shining One.
  9491 | D:9      | Fell from the grace of Elyvilon
  9491 | D:9      | Became a worshipper of the Shining One
  9491 | D:9      | Reached * piety under the Shining One
  9491 | D:9      | Reached ** piety under the Shining One
  9581 | D:9      | Noticed Amaemon
  9581 | D:9      | Noticed an orange demon
  9593 | D:9      | Killed Amaemon
  9594 | D:9      | Reached skill level 14 in Axes
  9594 | D:9      | Reached XP level 11. HP: 44/99 MP: 13/13
  9817 | D:9      | Found a hazy altar of Hepliaklqana.
 10017 | D:9      | Found a hide-covered altar of Uskayaw.
 10136 | D:9      | Found a shadowy altar of Dithmenos.
 10139 | D:9      | Found a sacrificial altar of Ru.
 10151 | D:9      | Found a glowing silver altar of Zin.
 10262 | D:10     | Entered Level 10 of the Dungeon
 10262 | D:10     | Found an ancient bone altar of Kikubaaqudgha.
 10265 | D:10     | Reached skill level 1 in Evocations
 10699 | D:10     | Found an ornate altar of the Wu Jian Council.
 10703 | D:10     | Reached *** piety under the Shining One
 11720 | D:11     | Found a gate leading to a gauntlet.
 11728 | Gauntlet | Entered a Gauntlet
 11728 | Gauntlet | Found a transporter.
 11743 | Gauntlet | Found a transporter.
 11753 | Gauntlet | Found a transporter.
 11758 | Gauntlet | Found a transporter.
 11768 | Gauntlet | Reached **** piety under the Shining One
 11774 | Gauntlet | Found a transporter.
 11793 | Gauntlet | Found a transporter.
 11808 | Gauntlet | Found a transporter.
 11831 | Gauntlet | Found a transporter.
 11837 | Gauntlet | Found a transporter.
 11852 | Gauntlet | Noticed a cacodemon
 11854 | Gauntlet | Found a transporter.
 11875 | Gauntlet | Noticed a wretched star
 11877 | Gauntlet | Found a transporter.
 11883 | Gauntlet | Found a transporter.
 11922 | Gauntlet | Found a transporter.
 11924 | Gauntlet | Found a transporter.
 11938 | Gauntlet | Noticed a tengu warrior
 11952 | Gauntlet | Found a transporter.
 11974 | Gauntlet | Found a transporter.
 11981 | Gauntlet | Found a transporter.
 11982 | Gauntlet | Found a transporter.
 12496 | Gauntlet | Identified the ring of Quacett {Ice +Blink rN+ Str+2}
 12640 | Gauntlet | Identified the amulet of the Distant Future {RegenMP rC-
                  | Dex+6}
 12681 | Gauntlet | Identified the +10 hand axe of the Everdark {holy, Int+7}
 12681 | Gauntlet | Noticed a minotaur
 12686 | Gauntlet | Slain by a minotaur

Illustrated notes

Levels and vault maps discovered:
D:1:      lightli_arrival_windingriver, layout_basic
D:2:      layout_rooms, serial_shops, nicolae_shop_crystal, serial_rivers,
          chequers_serial_rivers_micro_c, chequers_serial_rivers_room_a,
          chequers_serial_rivers_small_3, chequers_serial_rivers_room_a,
          chequers_serial_rivers_micro_c, basic_altar, minivault_5,
          serial_bayou_ford_a, minmay_misc_feat_doors, minmay_puff
D:3:      layout_loops_corners, mainiacjoe_overflow_alcove_2
D:4:      layout_gridville, minmay_rat_hole, uniq_eustachio
D:5:      layout_rooms, nicolae_overflow_hidden_temple, serial_demonic,
          serial_demonic_g, serial_demonic_a, serial_demonic_b,
          serial_demonic_c, serial_demonic_d, serial_demonic_c,
          serial_demonic_b, uniq_ijyb
D:6:      layout_cave_pods, minmay_temple_entry_from_below_b, minivault_24,
          uniq_sigmund
D:7:      layout_loops_ring, slow_altar_1, marbit_many_paths,
          dreamdust_mushroom_princess, hangedman_decor_points
D:8:      layout_rooms, trog_book, enter_bailey_5, kennysheep_dice,
          uniq_prince_ribbit1
D:9:      layout_loops_ring, general_overflow_altar,
          mainiacjoe_overflow_alcove_1, grunt_temple_overflow_cloverleaf,
          uniq_amaemon
D:10:     layout_long_grid, mainiacjoe_overflow_small_starburst,
          mainiacjoe_overflow_boulevard
D:11:     layout_stronghold, due_lair_maze_entry_diamond, hiddenorc1_lemuel,
          gauntlet_entry_generic
Temple:   hellmonk_temple_rainy
Gauntlet: gammafunk_gauntlet_one_two_three
          [gammafunk_gauntlet_arena_arrow_garden,
          gammafunk_gauntlet_arena_split_diamond,
          nicolae_gauntlet_arena_grate_2, gammafunk_gauntlet_arena_hedges,
          gammafunk_gauntlet_arena_grid, nicolae_gauntlet_arena_quarters,
          gammafunk_gauntlet_arena_split_x, nicolae_gauntlet_arena_flowing_pool,
          gammafunk_gauntlet_arena_corners, gauntlet_exit_green]

Skill      XL: |  1  2  3  4  5  6  7  8  9 10 11 |
---------------+----------------------------------+-----
Fighting       | 4 5 6 7 9 10 11 | 11.0
Axes           | 3 4 5 6 7 9 14 | 14.7
Armour         | 4 5 6 7 9 10 | 10.0
Shields        | 4 5 |  5.0
Invocations    | 1 2 3 4 5 6 |  6.5
Evocations     | 3 |  3.4

Action                     |  1- 3 |  4- 6 |  7- 9 | 10-12 || total
---------------------------+-------+-------+-------+-------++-------
  Melee: War axe           |    67 |    25 |       |       ||    92
         Headbutt          |     7 |    12 |    47 |    63 ||   129
         Hand axe          |       |    64 |   259 |   127 ||   450
         Battleaxe         |       |       |       |   183 ||   183
   Fire: Sling             |       |       |       |    58 ||    58
         Shortbow          |       |       |       |     3 ||     3
 Invoke: Heal Self         |       |       |       |     4 ||     4
         Purification      |       |       |       |     1 ||     1
         Divine Shield     |       |       |       |     1 ||     1
    Use: Scroll            |       |       |    14 |     8 ||    22
         Potion            |       |       |       |     2 ||     2
 Armour: Scale mail        |    32 |    23 |       |       ||    55
         Plate armour      |       |    13 |    37 |       ||    50
         Chain mail        |       |       |   100 |   221 ||   321
  Dodge: Dodged            |    41 |    43 |    96 |   177 ||   357
  Block: Buckler           |    26 |    22 |    50 |    31 ||   129

Table legend: (Time is in decaauts)
 A = Elapsed time spent in this place.
 B = Non-inter-level travel time spent in this place.
 C = Inter-level travel time spent in this place.
 D = Time resting spent in this place.
 E = Time spent auto-exploring this place.
 F = Levels seen in this place.
 G = Mean time per level.
                   A        B        C        D        E       F      G
               +--------+--------+--------+--------+--------+-----+--------+
         Total |  12808 |  12031 |    777 |   1951 |   7330 |  14 |  914.9 |
       Dungeon |  10526 |   9760 |    766 |   1312 |   6807 |  11 |  956.9 |
        Temple |     26 |     15 |     11 |      0 |      8 |   1 |   26.0 |
        Bailey |   1296 |   1296 |      0 |    638 |    163 |   1 | 1296.0 |
      Gauntlet |    958 |    958 |      0 |      0 |    352 |   1 |  958.0 |
               +--------+--------+--------+--------+--------+-----+--------+

Top non-repeatable levels by time:
     D:6: 1414 daAuts
     D:9: 1375 daAuts
  Bailey: 1296 daAuts
     D:7: 1263 daAuts
    D:10: 1101 daAuts
     D:8: 1026 daAuts
     D:2: 1003 daAuts
     D:3: 959 daAuts
Gauntlet: 958 daAuts
     D:4: 852 daAuts
     D:5: 780 daAuts
     D:1: 699 daAuts
    D:11: 49 daAuts
  Temple: 26 daAuts
